General information
- name: BNet
- type: Ladder team game (AT/RT)
- host: Battle.net
- saver: iggy_the_fisk
map: CopperCanyon
- players: 6
- length: 11:01
- speed: Fast
- version: 1.21 W3XP
- replay type:

» download(94 KB)
Players
team 1 (winner)

»
iggy_the_fisk (
blue | 104 APM | 1152 actions | 11:01)
3 Far Seer
1 Feral Spirit
2 Chain Lighting
2 Tauren Chieftain
1 Shockwave
1 Endurance Aura
» actions
| Assign group hotkey | 72 | |
| Basic commands | 14 | |
| Build / train | 42 | |
| Enter build submenu | 11 | |
| Enter hero's abilities submenu | 5 | |
| Remove unit from queue | 1 | |
| Right click | 735 | |
| Select / deselect | 174 | |
| Select group hotkey | 56 | |
| Use ability | 42 | |
1152 total
» units
| Peon | 9 | |
| Grunt | 6 | |
| Raider | 5 | |
| Spirit Walker | 5 | |
25 total
» upgrades
| Berserker Strength | 1 | |
| Ensnare | 1 | |
| Spirit Walker Training | 1 | |
| Pillage | 1 | |
4 total
» buildings
| Altar of Storms | 1 | |
| Orc Burrow | 5 | |
| Barracks | 1 | |
| Voodoo Lounge | 2 | |
| Stronghold | 1 | |
| Spirit Lodge | 1 | |
| Beastiary | 1 | |
12 total
» build order
00:04 Altar of Storms
00:19 Orc Burrow
00:49 Barracks
01:32 Orc Burrow
02:46 Voodoo Lounge
03:02 Voodoo Lounge
03:49 Stronghold
04:27 Orc Burrow
06:25 Spirit Lodge
06:27 Beastiary
07:20 Orc Burrow
08:11 Orc Burrow
» items
Mata. (
yellow | 151 APM | 1665 actions | 11:01)
3 Demon Hunter
2 Mana Burn
1 Evasion
» actions
| Assign group hotkey | 284 | |
| Basic commands | 16 | |
| Build / train | 36 | |
| Enter build submenu | 14 | |
| Enter hero's abilities submenu | 3 | |
| Remove unit from queue | 1 | |
| Right click | 739 | |
| Select / deselect | 331 | |
| Select group hotkey | 198 | |
| Use ability | 43 | |
1665 total
» units
» upgrades
» buildings
| Altar of Elders | 1 | |
| Moon Well | 3 | |
| Ancient of War | 6 | |
| Hunter's Hall | 1 | |
| Tree of Ages | 2 | |
13 total
» build order
00:04 Altar of Elders
00:16 Moon Well
01:30 Ancient of War
01:51 Hunter's Hall
02:14 Moon Well
02:22 Ancient of War
02:49 Ancient of War
05:19 Moon Well
06:47 Tree of Ages
08:51 Ancient of War
08:52 Ancient of War
08:52 Ancient of War
» items

»
TIMG4STRok (
red | 110 APM | 1215 actions | 11:01)
4 Demon Hunter
2 Mana Burn
2 Evasion
1 Dark Ranger
1 Black Arrow
» actions
| Assign group hotkey | 15 | |
| Basic commands | 44 | |
| Build / train | 39 | |
| ESC pressed | 7 | |
| Enter build submenu | 10 | |
| Enter hero's abilities submenu | 5 | |
| Right click | 523 | |
| Select / deselect | 170 | |
| Select group hotkey | 366 | |
| Use ability | 36 | |
1215 total
» units
» upgrades
| Abolish Magic | 1 | |
| Druid of the Claw Training | 1 | |
| Strength of the Wild | 1 | |
| Ultravision | 1 | |
4 total
» buildings
| Altar of Elders | 1 | |
| Moon Well | 4 | |
| Hunter's Hall | 1 | |
| Ancient of War | 1 | |
| Tree of Ages | 1 | |
| Ancient of Lore | 2 | |
| Ancient of Wonders | 1 | |
11 total
» build order
00:05 Altar of Elders
00:18 Moon Well
01:24 Hunter's Hall
01:45 Ancient of War
02:00 Moon Well
03:03 Tree of Ages
05:17 Moon Well
06:00 Ancient of Lore
06:01 Ancient of Lore
07:58 Moon Well
08:32 Ancient of Wonders
» items
| Healing Salve | 1 | |
| Lesser Clarity Potion | 1 | |
| Scroll of Town Portal | 1 | |
| Staff of Preservation | 1 | |
| Potion of Healing | 1 | |
5 total
team 2 (loser)

»
BROOCE (
pink | 103 APM | 1127 actions | 10:56)
2 Death Knight
1 Death Coil
1 Unholy Aura
1 Lich
1 Frost Nova
» actions
| Assign group hotkey | 98 | |
| Basic commands | 51 | |
| Build / train | 44 | |
| ESC pressed | 1 | |
| Enter build submenu | 13 | |
| Enter hero's abilities submenu | 3 | |
| Right click | 529 | |
| Select / deselect | 199 | |
| Select group hotkey | 128 | |
| Use ability | 61 | |
1127 total
» units
| Acolyte | 2 | |
| Ghoul | 9 | |
| Crypt Fiend | 9 | |
20 total
» upgrades
» buildings
| Altar of Darkness | 1 | |
| Ziggurat | 3 | |
| Crypt | 1 | |
| Tomb of Relics | 1 | |
| Graveyard | 1 | |
| Nerubian Tower | 1 | |
| Halls of the Dead | 1 | |
| Black Citadel | 1 | |
| Sacrificial Pit | 1 | |
| Slaughterhouse | 1 | |
12 total
» build order
00:09 Altar of Darkness
00:18 Ziggurat
00:34 Crypt
00:59 Tomb of Relics
01:10 Ziggurat
01:36 Graveyard
02:42 Nerubian Tower
03:38 Halls of the Dead
05:05 Ziggurat
07:37 Black Citadel
07:39 Sacrificial Pit
10:51 Slaughterhouse
» items
| Rod of Necromancy | 2 | |
| Dust of Appearance | 1 | |
| Potion of Healing | 1 | |
| Potion of Mana | 1 | |
| Scroll of Town Portal | 2 | |
7 total
miu. (
green | 88 APM | 968 actions | 10:57)
2 Keeper of the Grove
1 Entangling Roots
1 Thorns Aura
» actions
| Assign group hotkey | 7 | |
| Basic commands | 1 | |
| Build / train | 18 | |
| ESC pressed | 2 | |
| Enter build submenu | 11 | |
| Enter hero's abilities submenu | 2 | |
| Right click | 649 | |
| Select / deselect | 169 | |
| Select group hotkey | 71 | |
| Use ability | 38 | |
968 total
» units
» buildings
| Altar of Elders | 1 | |
| Moon Well | 6 | |
| Hunter's Hall | 1 | |
| Ancient of War | 2 | |
10 total
» build order
00:05 Altar of Elders
00:19 Moon Well
01:45 Hunter's Hall
01:53 Ancient of War
02:22 Ancient of War
02:25 Moon Well
02:41 Moon Well
03:10 Moon Well
03:48 Moon Well
04:41 Moon Well
Whit3Dragon (
orange | 85 APM | 937 actions | 11:00)
2 Death Knight
1 Death Coil
1 Unholy Aura
1 Lich
1 Frost Nova
» actions
| Assign group hotkey | 20 | |
| Basic commands | 28 | |
| Build / train | 46 | |
| ESC pressed | 2 | |
| Enter build submenu | 9 | |
| Enter hero's abilities submenu | 3 | |
| Give item / drop item | 2 | |
| Right click | 530 | |
| Select / deselect | 158 | |
| Select group hotkey | 83 | |
| Use ability | 56 | |
937 total
» units
| Acolyte | 6 | |
| Ghoul | 11 | |
| Crypt Fiend | 10 | |
27 total
» buildings
| Altar of Darkness | 1 | |
| Crypt | 1 | |
| Ziggurat | 4 | |
| Graveyard | 1 | |
| Tomb of Relics | 1 | |
| Nerubian Tower | 1 | |
| Halls of the Dead | 2 | |
| Black Citadel | 1 | |
| Spirit Tower | 2 | |
14 total
» build order
00:28 Altar of Darkness
00:30 Crypt
00:33 Ziggurat
01:02 Graveyard
01:11 Tomb of Relics
01:50 Ziggurat
02:01 Nerubian Tower
03:47 Halls of the Dead
05:13 Ziggurat
07:49 Black Citadel
08:34 Ziggurat
10:02 Spirit Tower
10:03 Spirit Tower
» items
| Rod of Necromancy | 6 | |
| Potion of Healing | 1 | |
7 total
Chat log
(00:08 / All) TIMG4STRok: BROOOOOOOOCE
(00:10 / Allies) Mata.: gonna try to aow the ne
(00:15 / All) BROOCE: NIGRAS
(00:27 / Allies) TIMG4STRok: random should give you 1 random win and 1 race win
(00:35 / Allies) Mata.: should give you 10 race wins
(00:39 / Allies) TIMG4STRok: id be like 5-100 with orc
(00:41 / Allies) iggy_the_fisk: no thnx
(00:41 / Allies) Mata.: and -1 ud wins
(00:42 / Allies) TIMG4STRok: if that was the cas.e..
(00:55 / Allies) TIMG4STRok: id probably have prety high ud %
(01:02 / Allies) Mata.: who wouldnt
(01:16 / Allies) Mata.: well
(01:18 / Allies) Mata.: no luck
(01:23 / Allies) iggy_the_fisk: ne
(01:23 / Allies) Mata.: with the aow this game
(01:39 / Allies) Mata.: we gotta rush him
(01:40 / Allies) Mata.: cuz
(01:40 / Allies) Mata.: 2 ud
(01:41 / Allies) Mata.: is gay
(01:42 / Allies) iggy_the_fisk: yep
(01:47 / Allies) iggy_the_fisk: sure hope they quit afterwards
(01:59 / Allies) Mata.: well
(02:02 / Allies) Mata.: 3v2 is manageable
(02:09 / Allies) Mata.: even if they ud
(02:36 / Allies) Mata.: where you even going
(02:40 / Allies) TIMG4STRok: i dont know
(02:44 / Allies) TIMG4STRok: my brother in her.e..wont shut he mouth...
(02:56 / Allies) TIMG4STRok: OWNED
(02:57 / Allies) iggy_the_fisk: owned
(04:36 / Allies) Mata.: god iggy watch yours ummons
(04:42 / Allies) TIMG4STRok: mcoe
(04:43 / Allies) iggy_the_fisk: owned
(04:44 / Allies) TIMG4STRok: nice
(04:55 / Allies) iggy_the_fisk: use
(05:08 / Allies) Mata.: was fiddling with my aow
(05:12 / Allies) Mata.: haha.
(05:14 / Allies) TIMG4STRok: fuck you
(05:23 / Allies) TIMG4STRok: mata just backstabbing
(05:24 / Allies) TIMG4STRok: like nuts
(05:36 / Allies) TIMG4STRok: why isnt b m working
(05:39 / Allies) TIMG4STRok: i was getting so angry
(06:09 / Allies) Mata.: haha
(06:11 / Allies) Mata.: what can that even be
(06:19 / Allies) TIMG4STRok: get main
(07:32 / Allies) iggy_the_fisk: uproot finish
(08:17 / Allies) Mata.: hit someone
(08:19 / Allies) Mata.: i send off aows
(10:19 / Allies) Mata.: shit
(10:22 / Allies) Mata.: stay
(10:58 / Allies) Mata.: clobbered by aow